Map: Ascension to Aiur LE

Players

Zest - Winner!

  • Race: Protoss Protoss
  • League: Master
  • Spawn Location: 5:00

HeroMarine

  • Race: Terran Terran
  • League: Master
  • Spawn Location: 11:00

Event: HomeStory Cup XVI

VOD

Have the link to the VOD?

Description

Time

  • Played on: Nov. 10, 2017, 2:26 p.m.
  • Length: 11:29

All games in this series

Show
View Real Time Build Order
Export as new Build Order

Zest Protoss - Winner!

Build Orders: 1 Gate Expand, Blink Stalkers 

Get SALT Encoding   

  12  0:02  Probe (Chrono Boost)  
  14  0:14  Probe (Chrono Boost)  
  14  0:17  Pylon  
  14  0:25  Probe (Chrono Boost)  
  15  0:31  Probe (Chrono Boost)  
  15  0:36  Gateway  
  15  0:40  Probe (Chrono Boost)  
  17  0:45  Assimilator  
  17  0:53  Probe (Chrono Boost)  
  19  1:05  Probe (Chrono Boost)  
  19  1:17  Probe (Chrono Boost)  
  20  1:22  Nexus  
  20  1:30  Cybernetics Core  
  20  1:36  Probe (Chrono Boost)  
  20  1:39  Assimilator  
  22  1:48  Probe (Chrono Boost)  
  22  1:49  Pylon  
  17  1:54  Stalker  
  22  2:00  Probe (Chrono Boost)  
  23  2:08  Warp Gate  
  25  2:12  Probe (Chrono Boost)  
  26  2:17  Stalker  
  26  2:24  Probe (Chrono Boost)  
  29  2:36  Probe (Chrono Boost)  
  29  2:37  Probe (Chrono Boost)  
  31  2:44  Robotics Facility  
  31  2:49  Probe (Chrono Boost)  
  31  2:50  Probe (Chrono Boost)  
  32  2:56  Probe (Chrono Boost)  
  32  2:57  Twilight Council  
  32  3:01  Probe (Chrono Boost)  
  32  3:05  Probe (Chrono Boost)  
  34  3:11  Probe (Chrono Boost)  
  36  3:13  Blink, Probe (Chrono Boost)  
  37  3:25  Probe (Chrono Boost)  
  39  3:27  Probe (Chrono Boost)  
  39  3:33  Gateway, Probe (Chrono Boost)  
  40  3:34  Gateway, Observer  
  40  3:37  Probe (Chrono Boost)  
  42  3:41  Probe (Chrono Boost), Pylon  
  44  3:49  Probe (Chrono Boost)  
  44  3:51  Assimilator  
  44  3:53  Probe (Chrono Boost)  
  46  3:56  Observer  
  46  4:01  Probe (Chrono Boost)  
  47  4:05  Nexus  
  47  4:08  Pylon  
  47  4:12  Probe (Chrono Boost)  
  47  4:14  Stalker  
  50  4:25  Warp Prism  
  52  4:36  Pylon  
  52  4:38  Stalker x3  
  58  4:41  Probe x2 (Chrono Boost)  
  62  4:53  Probe x2 (Chrono Boost)  
  62  5:03  Stalker x3  
  70  5:07  Probe x2 (Chrono Boost)  
  70  5:16  Pylon  
  70  5:19  Probe x2 (Chrono Boost)  
  72  5:25  Probe (Chrono Boost)  
  73  5:28  Stalker x3  
  73  5:32  Probe x2 (Chrono Boost)  
  81  5:37  Probe (Chrono Boost)  
  71  5:44  Probe (Chrono Boost)  
  71  5:45  Observer  
  71  5:49  Probe (Chrono Boost)  
  70  5:51  Probe x2 (Chrono Boost)  
  70  5:52  Stalker x3  
  70  5:55  Forge  
  70  5:56  Forge, Probe (Chrono Boost)  
  78  5:57  Probe (Chrono Boost)  
  78  6:04  Gateway  
  80  6:05  Gateway  
  80  6:07  Gateway  
  81  6:12  Probe (Chrono Boost)  
  81  6:13  Gateway  
  81  6:15  Gateway  
  81  6:18  Protoss Ground Armor Level 1, Protoss Ground Weapons Level 1  
  81  6:20  Probe (Chrono Boost)  
  81  6:21  Probe (Chrono Boost)  
  84  6:27  Probe (Chrono Boost)  
  84  6:28  Charge  
  77  6:33  Probe (Chrono Boost)  
  77  6:36  Observer  
  78  6:41  Probe x2 (Chrono Boost), Sentry x3  
  78  6:44  Assimilator  
  78  6:45  Assimilator  
  78  6:46  Pylon  
  85  6:49  Pylon  
  83  7:05  Zealot x4  
  83  7:06  Zealot x2  
  97  7:08  Probe (Chrono Boost)  
  97  7:09  Probe x2 (Chrono Boost)  
  97  7:18  Stalker x2  
  97  7:19  Pylon  
  97  7:21  Pylon  
  101  7:26  Observer  
  101  7:27  Stalker, Pylon  
  101  7:28  Stalker x3  
  109  7:34  Nexus  
  109  7:44  Pylon  
  109  7:45  Immortal  
  109  7:56  Observer  
  113  7:59  Pylon  
  113  8:01  Stalker x4  
  113  8:02  Stalker x4, Pylon  
  129  8:08  Probe (Chrono Boost)  
  129  8:09  Probe x2 (Chrono Boost), Pylon  
  132  8:32  Zealot x8  
  148  8:41  Protoss Ground Weapons Level 2, Protoss Ground Armor Level 2  
  130  8:55  Zealot x5  
  130  8:56  Zealot x2  
  130  9:01  Zealot  
  122  9:03  Immortal  
  122  9:15  Assimilator  
  122  9:16  Zealot x4, Assimilator  
  122  9:17  Zealot x3  
  136  9:26  Templar Archives  
  136  9:31  Gateway x2  
  139  9:32  Observer, Probe x3 (Chrono Boost)  
  139  9:35  Gateway  
  139  9:36  Gateway  
  139  9:38  Sentry x3  
  146  9:48  Observer  
  146  9:49  Psionic Storm  
  146  9:50  Nexus  
  146  9:52  Pylon  
  147  10:03  Pylon  
  147  10:06  High Templar  
  147  10:07  High Templar, Stalker  
  151  10:08  Stalker x5  
  147  10:27  Immortal  
  143  10:33  Zealot x6  
  154  10:40  Zealot x2  
  158  10:55  Zealot x10  
  148  11:20  Zealot x8  
  148  11:21  Zealot x4  
Show
View Real Time Build Order
Export as new Build Order

HeroMarine Terran 

Build Orders: Reaper Expand, MMM Bio 

Get SALT Encoding   

  12  0:00  SCV  
  13  0:12  SCV  
  14  0:17  Supply Depot  
  14  0:25  SCV  
  15  0:38  SCV  
  15  0:40  Barracks  
  16  0:44  Refinery  
  16  0:50  SCV  
  17  1:03  SCV  
  18  1:15  SCV  
  19  1:27  Reaper, Orbital Command  
  20  1:42  Command Center  
  20  1:50  Barracks  
  20  1:53  SCV  
  21  1:59  Barracks Reactor  
  21  2:03  Supply Depot  
  21  2:07  SCV  
  22  2:19  Engineering Bay, SCV  
  23  2:31  SCV  
  24  2:40  Marine x2  
  24  2:41  Barracks Tech Lab  
  24  2:43  SCV  
  27  2:55  SCV  
  27  2:58  Orbital Command  
  27  2:59  Bunker  
  27  3:02  Marauder  
  27  3:05  Stimpack  
  29  3:07  SCV  
  29  3:08  Marine  
  29  3:09  Marine  
  31  3:20  SCV  
  31  3:23  Marauder  
  31  3:25  SCV  
  33  3:29  Marine x2  
  33  3:32  SCV, Terran Infantry Weapons Level 1  
  36  3:37  SCV  
  37  3:44  SCV, Marine  
  37  3:46  Marine  
  37  3:47  Marine  
  41  3:48  Refinery  
  41  3:49  SCV  
  41  3:50  Refinery  
  41  3:53  Supply Depot  
  42  3:56  SCV  
  42  4:01  SCV  
  42  4:02  Marauder  
  46  4:07  Supply Depot  
  46  4:14  SCV x2, Marine x2  
  46  4:16  Supply Depot  
  50  4:24  Marauder  
  52  4:27  SCV x2  
  52  4:28  Factory  
  54  4:32  Marine x2  
  56  4:39  SCV x2  
  56  4:41  Supply Depot  
  56  4:45  Marauder  
  60  4:50  Marine x2  
  60  4:51  SCV x2  
  64  4:56  Barracks  
  64  5:03  Supply Depot  
  64  5:05  Combat Shields  
  64  5:06  Marauder, SCV x2  
  68  5:08  Marine x2  
  68  5:13  Factory Reactor  
  70  5:14  Starport  
  70  5:21  Missile Turret  
  70  5:25  Marine x2  
  70  5:26  Terran Infantry Armor Level 1  
  70  5:28  Marauder  
  69  5:41  SCV x2  
  65  5:45  Marine x2  
  65  5:49  Marauder, Barracks Tech Lab  
  61  5:50  Supply Depot  
  61  5:59  Medivac x2, Command Center  
  61  6:03  Marine x2  
  61  6:04  SCV x2  
  69  6:07  Barracks  
  69  6:08  Barracks  
  69  6:12  Marauder, Factory Reactor  
  69  6:14  Marauder  
  69  6:15  Concussive Shells  
  69  6:16  SCV  
  69  6:17  SCV  
  73  6:28  Marine x2  
  73  6:29  SCV x2  
  74  6:34  Supply Depot  
  74  6:35  Medivac  
  74  6:36  Medivac, Marauder  
  74  6:37  Marauder  
  82  6:41  Refinery  
  82  6:46  Supply Depot, SCV, Marine x2  
  85  6:47  SCV  
  85  6:56  Barracks Tech Lab  
  85  6:58  Marauder x2  
  85  6:59  Armory  
  89  7:01  Engineering Bay  
  89  7:02  SCV  
  89  7:03  SCV  
  89  7:06  Marine  
  89  7:07  Marine x2  
  89  7:08  Marine  
  95  7:14  SCV  
  95  7:15  SCV  
  97  7:19  Marauder x2  
  97  7:20  Marauder  
  97  7:22  Orbital Command  
  103  7:24  Marine  
  103  7:26  SCV  
  103  7:27  SCV  
  106  7:32  Medivac  
  106  7:33  Medivac  
  110  7:39  Orbital Command, SCV x2  
  110  7:40  Marauder  
  110  7:44  Marauder  
  116  7:45  Marauder  
  108  7:51  Terran Infantry Weapons Level 2  
  108  7:55  SCV x2  
  108  7:57  Marine x4  
  114  8:02  Terran Infantry Armor Level 2  
  114  8:06  SCV  
  114  8:07  SCV x2  
  114  8:10  Marauder  
  114  8:12  Marauder  
  121  8:15  Marauder  
  121  8:19  Supply Depot  
  123  8:20  Supply Depot  
  123  8:24  Marine x4  
  126  8:27  Supply Depot  
  126  8:32  Marauder  
  126  8:33  Marauder  
  129  8:39  Marauder  
  130  8:41  Marine  
  130  8:42  Marine  
  130  8:45  SCV x2  
  130  8:46  Marine x2  
  119  8:53  Marauder  
  119  8:55  Marauder  
  113  8:58  Liberator  
  113  8:59  Liberator, Marine x2  
  113  9:00  Marauder  
  104  9:04  Marine x2  
  97  9:17  Marine x2  
  97  9:21  Marine  
  97  9:22  Marine x2  
  97  9:23  Orbital Command  
  101  9:24  Marauder  
  101  9:25  Marauder  
  104  9:35  Marine x2  
  106  9:39  Marine  
  106  9:40  Marine  
  106  9:41  Liberator x2  
  110  9:45  Marauder  
  110  9:46  Marauder, Missile Turret  
  110  9:49  Marine  
  113  9:53  Marine  
  113  9:54  Marine  
  121  10:04  Marine  
  121  10:05  Marine  
  125  10:07  Marauder x2  
  125  10:08  Marauder  
  125  10:13  Marine  
  130  10:17  Marine  
  122  10:22  Marine  
  122  10:23  Marine  
  122  10:24  Liberator x2  
  121  10:28  Marauder x2  
  121  10:29  Marauder  
  121  10:31  Marine  
  121  10:34  Marine  
  127  10:40  Marine  
  127  10:42  Marine  
  135  10:48  Marine  
  139  10:50  Marauder x3  
  139  10:52  Marine  
  142  10:58  Marine  
  142  11:00  Marine  
  144  11:06  Marine  
  144  11:10  Marine  
Tags
 
Add a new tag
Caveats
  • Supply blocks, unpowered buildings, or Contaminate may cause inaccurate times.
  • Supply counts are checked every 10 seconds.